 Dungeon Crawl Stone Soup version 0.32-a0-306-gfed3edf829 (webtiles) character file.

Game seed: 15944668926732427510

7168 oldriver the Thaumaturge (level 10, -42/77 HPs)
             Began as a Demonspawn Conjurer on Feb 15, 2024.
             Hit by a large rock thrown by a cyclops (43 damage)
             ... on level 9 of the Dungeon.
             The game lasted 00:19:57 (13152 turns).

oldriver the Thaumaturge (Demonspawn Conjurer)     Turns: 13152, Time: 00:19:58

Health: -42/77     AC: 13    Str: 11    XL:     10   Next: 86%
Magic:  22/22      EV: 12    Int: 24    God:
Gold:   171        SH:  5    Dex: 14    Spells: 15/26 levels left

rFire   + . .        j - +3 whip (elec)
rCold   . . .        (no shield)
rNeg    . . .        D - +2 ring mail of Xadom {rElec Str+4}
rPois   .            (no helmet)
rElec   +            w - +1 cloak
rCorr   .            a - +2 pair of gloves {Dex+3}
SInv    .            (no boots)
Will    .....        q - amulet of reflection
Stlth   +++          l - ring of protection from fire
HPRegen 0.32/turn    c - ring of wizardry
MPRegen 0.18/turn

%: reflection, wizardry (x1)
@: mighty
A: demonic guardian 1, powered by pain 3, sharp scales 1, demonic touch 2
a: no special abilities


You were on level 9 of the Dungeon.
You visited 3 branches of the dungeon, and saw 11 of its levels.

You collected 407 gold pieces.
You spent 236 gold pieces at shops.

Inventory:

Hand Weapons
 f - a +2 sling of flaming
 i - a +0 demon trident
 j - a +3 whip of electrocution (weapon)
 s - a +1 vampiric whip
Missiles
 d - 3 curare-tipped darts
 n - 19 poisoned darts
 p - 2 throwing nets
Armour
 a - a +2 pair of gloves of dexterity (worn)
 w - a +1 cloak (worn)
 D - the +2 ring mail of Xadom (worn) {rElec Str+4}
   (You found it on level 8 of the Dungeon)

   Str+4:     It affects your strength (+4).
   rElec:     It insulates you from electricity.
Jewellery
 c - a ring of wizardry (right hand)
 l - a ring of protection from fire (left hand)
 o - a ring of fire
 q - an amulet of reflection (around neck)
 C - a ring of resist corrosion
 F - an amulet of guardian spirit
 G - a ring of flight
Wands
 r - a wand of mindburst (12)
 t - a wand of roots (18)
Scrolls
 k - 2 scrolls of teleportation
 m - a scroll of fog
 y - 2 scrolls of vulnerability
Potions
 b - a potion of magic
 e - 2 potions of enlightenment
 g - 3 potions of berserk rage
 h - a potion of attraction
 u - 3 potions of lignification
 v - 3 potions of curing
 x - a potion of haste
 z - a potion of invisibility
 A - a potion of brilliance
 B - a potion of resistance


   Skills:
 + Level 6.4 Fighting
 + Level 0.0 Armour
 + Level 6.3 Dodging
 + Level 6.5 Stealth
 * Level 8.5 Spellcasting
 + Level 7.5 Conjurations
 + Level 5.1 Translocations


You had 15 spell levels left.
You knew the following spells:

 Your Spells              Type           Power      Damage    Failure   Level
a - Magic Dart            Conj           100%       1d8       1%          1
b - Searing Ray           Conj           92%        2d7       1%          2
p - Fulminant Prism       Conj/Alch      14%        3d9       13%         4
z - Iskenderun's Mystic   Conj/Tloc      40%        2d9       4%          4

Your spell library contained the following spells:

 Spells                   Type           Power      Damage    Failure   Level
 Apportation              Tloc           70%        N/A       1%          1
 Sting                    Conj/Alch      100%       1d9       1%          1
 Gell's Gravitas          Tloc           35%        N/A       2%          3
 Teleport Other           Tloc           35%        N/A       2%          3
 Necrotise                Necr           40%        1d6       6%          1
 Summon Small Mammal      Summ           40%        N/A       6%          1
 Dispersal                Tloc           17%        N/A       69%         6


Dungeon Overview and Level Annotations

Branches:
Dungeon (9/15)             Temple (1/1) D:6            Lair (1/5) D:8
    Orc: D:9-12

Altars:
Ashenzari
Cheibriados
Dithmenos
Fedhas
Gozag
Hepliaklqana
Kikubaaqudgha
Makhleb
Nemelex Xobeh
Qazlal
Trog
Uskayaw
Vehumet
Wu Jian
Xom
Yredelemnul

Shops:
D:6 [


Innate Abilities, Weirdness & Mutations

A weak demonic guardian rushes to your aid.
You are powered by pain.
You are partially covered in razor-sharp scales. (AC +1, Slay +1)
Your touch may inflict irresistible damage on your foes.


Message History

Magic restored.
Search for what [Enter for "goz", or ? for help]? ego
Okay, then.
Search for what [Enter for "ego", or ? for help]? cloak
As you read the scroll of enchant armour, it crumbles to dust.
Your +0 cloak glows green for a moment.
Done exploring.
Done exploring.
There is a stone staircase leading down here.
You climb downwards.
There is a stone staircase leading up here.
A cyclops comes into view.
A cyclops is nearby!
A cyclops is nearby!
The magic dart hits the cyclops but does no damage.
The cyclops shouts!
The magic dart hits the cyclops.
The cyclops is lightly wounded.
The magic dart hits the cyclops.
The cyclops is lightly wounded.
The magic dart hits the cyclops but does no damage.
The cyclops is lightly wounded.
The magic dart hits the cyclops.
The cyclops is moderately wounded.
The magic dart hits the cyclops!
The cyclops is heavily wounded.
The cyclops throws a large rock.
The large rock hits you!!
A demonic guardian appears!
You focus on the pain.
You feel your power returning.
You are too injured to fight recklessly!
The cyclops throws a large rock.
The large rock hits you!!!
Ouch! That really hurt!
* * * LOW HITPOINT WARNING * * *
A demonic guardian appears!
You focus on the pain.
You feel very mighty all of a sudden.
The cyclops throws a large rock.
The large rock barely misses your quasit.
The large rock hits you!!!
Ouch! That really hurt!
You die...

#.# #..# #.# #.
#..# ### #.# #.#
#..# ..# #.#.#.#
#.C# ..# #.#.#.#
#.5# ..#
#.#<#.####5.# ..#
#.#.#.##....# ###
#D#.#.##.#..#######
#.#......#..@....<#
#D##..#############
#...[).......
###.####.########
.##.#...>#
.##.#.##[#
.##.#.#.<#
)##.#.#รท.#
.##.#.D..#


You could see a cyclops (ally target), a friendly quasit (summoned) and a
friendly white imp (summoned).

Vanquished Creatures
  An ugly thing (D:9)
  A black mamba (Lair:1)
  A cane toad (Lair:1)
  2 komodo dragons (Lair:1)
  A tengu conjurer (D:9)
  A shadow (D:9)
  2 wyverns
  A steam dragon (D:8)
  Edmund (D:6)
  3 water moccasins
  An acid dragon (D:9)
  An orc warrior (D:8)
  A sky beast (D:6)
  4 black bears
  5 wolves (Lair:1)
  A boggart (D:9)
  2 ogres (D:5)
  2 centaurs
  2 kobold brigands (D:8)
  6 bullfrogs
  2 gnoll sergeants
  11 wights
  6 killer bees (D:9)
  A howler monkey (D:6)
  A bombardier beetle (D:5)
  7 hounds
  2 jellies
  2 gnoll boudas
  An orc priest (D:8)
  A sleepcap (D:6)
  2 iguanas
  7 orc wizards
  17 gnolls
  9 adders
  2 white imps
  2 ufetubi (D:6)
  3 ribbon worms
  A dart slug (D:1)
  38 orcs
  5 bats
  4 giant cockroaches
  9 goblins
  2 hobgoblins (D:1)
  6 jackals
  13 kobolds
  3 quokkas
  7 ball pythons
  4 frilled lizards
  2 rats (D:1)
209 creatures vanquished.

Vanquished Creatures (collateral kills)
  A komodo dragon (Lair:1)
  An orc wizard (D:4)
  A gnoll (D:3)
  A jackal (D:3)
4 creatures vanquished.

Vanquished Creatures (others)
  A phantom (D:5)
  An orc wizard (D:8)
  A kobold (D:8)
3 creatures vanquished.

Grand Total: 216 creatures vanquished

Notes
Turn   | Place    | Note
-------+----------+-------------------------------------------
     0 | D:1      | oldriver the Demonspawn Conjurer began the quest for the
                  | Orb.
     0 | D:1      | Reached XP level 1. HP: 13/13 MP: 3/3
   277 | D:1      | Gained mutation: Your touch may inflict minor irresistible
                  | damage on your foes. [demonic ancestry]
   277 | D:1      | Reached XP level 2. HP: 14/20 MP: 0/5
   812 | D:2      | Identified the +3 leather armour of the Vacuum {Harm}
   973 | D:2      | Gained mutation: A weak demonic guardian rushes to your
                  | aid. [demonic ancestry]
   973 | D:2      | Reached XP level 3. HP: 25/25 MP: 4/6
  1033 | D:2      | Reached skill level 1 in Fighting
  1884 | D:3      | Gained mutation: Your touch may inflict irresistible damage
                  | on your foes. [demonic ancestry]
  1884 | D:3      | Reached XP level 4. HP: 32/32 MP: 2/8
  2085 | D:3      | Reached skill level 3 in Spellcasting
  2318 | D:3      | Gained mutation: You are partially covered in razor-sharp
                  | scales. (AC +1, Slay +1) [demonic ancestry]
  2318 | D:3      | Reached XP level 5. HP: 38/38 MP: 5/9
  2410 | D:3      | Found a shimmering altar of Xom.
  2819 | D:4      | Noticed a black bear
  2834 | D:4      | Killed a black bear
  2928 | D:4      | Learned a level 2 spell: Searing Ray
  2933 | D:4      | Learned a level 4 spell: Iskenderun's Mystic Blast
  2981 | D:4      | Gained mutation: You sometimes gain a little power by
                  | taking damage. [demonic ancestry]
  2981 | D:4      | Reached XP level 6. HP: 44/44 MP: 6/11
  3632 | D:4      | Reached skill level 4 in Spellcasting
  3893 | D:5      | Entered Level 5 of the Dungeon
  3981 | D:5      | Reached skill level 1 in Translocations
  3996 | D:5      | Noticed a water moccasin
  3997 | D:5      | Reached XP level 7. HP: 37/51 MP: 8/13
  4052 | D:5      | Reached skill level 5 in Conjurations
  4870 | D:5      | Reached skill level 5 in Spellcasting
  4870 | D:5      | Gained mutation: You sometimes gain power by taking damage.
                  | [demonic ancestry]
  4870 | D:5      | Reached XP level 8. HP: 58/58 MP: 9/15
  6341 | D:6      | Noticed Edmund
  6558 | D:6      | Found Aguuc's Armour Shoppe.
  6923 | D:6      | Reached skill level 6 in Spellcasting
  6969 | D:6      | Found a staircase to the Ecumenical Temple.
  7173 | D:6      | Killed Edmund
  7496 | Temple   | Entered the Ecumenical Temple
  7522 | D:7      | Gained mutation: You are powered by pain. [demonic
                  | ancestry]
  7522 | D:7      | Reached XP level 9. HP: 66/66 MP: 12/18
  7606 | D:7      | Found a blossoming altar of Fedhas.
  7658 | D:7      | Learned a level 4 spell: Fulminant Prism
  8656 | D:7      | Reached skill level 5 in Stealth
  8899 | D:8      | Identified the +2 ring mail of Xadom {rElec Str+4}
  9100 | D:6      | Bought a +2 pair of gloves of dexterity for 236 gold pieces
  9153 | D:8      | Reached skill level 5 in Dodging
  9318 | D:8      | Reached skill level 5 in Fighting
  9592 | D:8      | Reached skill level 7 in Spellcasting
 10082 | D:8      | Found a staircase to the Lair.
 10304 | D:8      | Found an opulent altar of Gozag.
 10378 | D:8      | Found a bloodstained altar of Trog.
 10499 | D:8      | Found a snail-covered altar of Cheibriados.
 10972 | D:9      | Noticed a boulder beetle
 10975 | D:9      | Reached XP level 10. HP: 74/74 MP: 15/21
 10990 | D:9      | Noticed a green ugly thing
 10995 | D:9      | Noticed an eight-headed hydra
 10997 | D:9      | Identified the +7 short sword "Egioj" {protect, rPois rN+}
 11009 | D:9      | Killed a green ugly thing
 11182 | Lair:1   | Entered Level 1 of the Lair of Beasts
 11417 | Lair:1   | Noticed a cane toad
 11436 | Lair:1   | Killed a cane toad
 11765 | Lair:1   | Reached skill level 8 in Spellcasting
 11928 | Lair:1   | Noticed a black mamba
 11955 | Lair:1   | Killed a black mamba
 12136 | D:9      | Reached skill level 5 in Translocations
 12380 | D:9      | Noticed a purple ugly thing
 12381 | D:9      | Noticed a deep elf pyromancer
 13143 | D:9      | Noticed a cyclops
 13150 | D:9      | HP: 1/77 [cyclops/large rock (48)]
 13152 | D:9      | Hit by a large rock thrown by a cyclops

Illustrated notes

Levels and vault maps discovered:
D:1:      lightli_arrival_boilingwater, layout_loops_ring
D:2:      layout_basic
D:3:      layout_loops_ring, xom_butterflies, kennysheep_generic_room_4
D:4:      layout_rooms
D:5:      layout_cave_pools, serial_glass, glass_columns_b, glass_columns_b,
          lemuel_flamethrower_2
D:6:      layout_rooms, minmay_temple_entry_wispy, serial_shops,
          kennysheep_little_box, st_stairs_8, uniq_edmund
D:7:      layout_loops_corners, nicolae_tso_carved_into_rock, fedhas_altar_2,
          corexii_checkpoint, hangedman_decor_riveting
D:8:      layout_basic, bloody_trog, old_standard_altar,
          mainiacjoe_overflow_chevrons, lair_entry_dummy
D:9:      minmay_the_grid_octo_triangle [minmay_the_grid_octo_clover_2,
          minmay_the_grid_octo_prize_star, minmay_the_grid_octo_teeth],
          layout_basic, abandoned_shop, uniq_harold
Temple:   nicolae_temple_ecumenical_triangle
Lair:1:   layout_chaotic_city, grunt_megastairs_1

Skill      XL: |  1  2  3  4  5  6  7  8  9 10 |
---------------+-------------------------------+-----
Dodging        | 2 3 4 5 6 |  6.3
Stealth        | 2 3 4 5 6 |  6.5
Fighting       | 1 2 3 4 5 6 |  6.4
Spellcasting   | 3 4 5 6 7 8 |  8.5
Translocations | 1 2 3 4 5 |  5.1
Conjurations   | 5 6 7 |  7.5

Action                     |  1- 3 |  4- 6 |  7- 9 | 10-12 || total
---------------------------+-------+-------+-------+-------++-------
  Melee: Unarmed           |    11 |       |       |       ||    11
         Touch             |     2 |     1 |     2 |     3 ||     8
         Demon trident     |     3 |       |       |       ||     3
         Whip              |     1 |    15 |    38 |    15 ||    69
   Cast: Magic Dart        |    53 |   122 |   353 |    78 ||   606
         Searing Ray       |       |       |    26 |     9 ||    35
         Iskenderun's Myst |       |       |    29 |    36 ||    65
    Use: Scroll            |       |       |    16 |     3 ||    19
   Stab: Distracted        |       |       |     1 |       ||     1
 Armour: Robe              |     5 |    36 |    60 |       ||   101
         Skin              |     1 |       |       |       ||     1
         Ring mail         |       |       |    35 |    57 ||    92
  Dodge: Dodged            |    14 |    34 |   100 |    28 ||   176
  Block: Other             |       |    12 |    33 |    15 ||    60
         Reflection        |       |     2 |     7 |       ||     9

Table legend: (Time is in decaauts)
 A = Elapsed time spent in this place.
 B = Non-inter-level travel time spent in this place.
 C = Inter-level travel time spent in this place.
 D = Time resting spent in this place.
 E = Time spent auto-exploring this place.
 F = Levels seen in this place.
 G = Mean time per level.
                   A        B        C        D        E       F      G
               +--------+--------+--------+--------+--------+-----+--------+
         Total |  13174 |  12651 |    523 |   2652 |   8183 |  11 | 1197.6 |
       Dungeon |  12382 |  11876 |    506 |   2255 |   7924 |   9 | 1375.8 |
        Temple |      1 |      0 |      1 |      0 |      0 |   1 |    1.0 |
          Lair |    790 |    776 |     14 |    397 |    259 |   1 |  790.0 |
               +--------+--------+--------+--------+--------+-----+--------+

Top non-repeatable levels by time:
     D:8: 2432 daAuts
     D:5: 1946 daAuts
     D:7: 1655 daAuts
     D:6: 1619 daAuts
     D:4: 1202 daAuts
     D:2: 1073 daAuts
     D:3: 902 daAuts
     D:1: 805 daAuts
  Lair:1: 790 daAuts
     D:9: 743 daAuts
  Temple: 1 daAuts
